 Dungeon Crawl Stone Soup version 0.30-a0-509-gd016549fea (webtiles) character file.

Game seed: 5398704914267941600

18 porpoise the Caller (level 2, -4/19 HPs)
             Began as a Barachi Summoner on Dec 23, 2022.
             Killed by nerve-wracking pain
             ... invoked by Jessica
              (14 damage)
             ... on level 2 of the Dungeon.
             The game lasted 00:04:06 (1300 turns).

porpoise the Caller (Barachi Summoner)              Turns: 1300, Time: 00:04:06

Health: -4/19      AC:  2    Str:  9    XL:     2   Next: 66%
Magic:  5/5        EV: 12    Int: 15    God:
Gold:   19         SH:  0    Dex: 12    Spells: 3/6 levels left

rFire   . . .      SeeInvis .    a - +0 dagger
rCold   . . .      Faith    .    (no shield)
rNeg    . . .      Spirit   .    e - +0 robe
rPois   .          Reflect  .    (no helmet)
rElec   .          Harm     .    (no cloak)
rCorr   .          Rampage  .    (no gloves)
Will    .....                    (no boots)
Stlth   ++........               (no amulet)
HPRegen 0.23/turn                (no ring)
MPRegen 0.09/turn                (no ring)

@: slow
A: amphibious, slowness 1, strong legs 1, +LOS
a: Hop


You were on level 2 of the Dungeon.
You visited 1 branch of the dungeon, and saw 2 of its levels.

You collected 19 gold pieces.

Inventory:

Hand Weapons
 a - a +0 dagger (weapon)
 i - a +0 sling
Armour
 d - a +0 cloak
 e - a +0 robe (worn)
Scrolls
 c - a scroll of butterflies {unknown}
 g - a scroll of identify {unknown}
 h - a scroll of poison
 j - a scroll of teleportation {unknown}
Potions
 b - a potion of magic
 f - a potion of heal wounds {unknown}
 k - a potion of cancellation {unknown}
 l - 3 potions of ambrosia {unknown}


   Skills:
 - Level 2.4 Dodging
 - Level 2.0 Stealth
 + Level 2.5 Spellcasting
 + Level 5.1 Summonings


You had 3 spell levels left.
You knew the following spells:

 Your Spells              Type           Power      Damage    Failure   Level
a - Summon Small Mammal   Summ           68%        N/A       2%          1
b - Call Imp              Summ           17%        N/A       3%          2

Your spell library contained the following spells:

 Spells                   Type           Power      Damage    Failure   Level
 Call Canine Familiar     Summ           17%        N/A       8%          3
 Summon Guardian Golem    Hex/Summ       9%         N/A       22%         3
 Cigotuvi's Dreadful Rot  Necr/Pois/Air  2%         N/A       32%         2
 Summon Lightning Spire   Summ/Air       9%         N/A       58%         4
 Dispel Undead            Necr           1%         3d6       91%         4
 Death Channel            Necr           0%         N/A       100%        6


Dungeon Overview and Level Annotations

Branches:
Dungeon (2/15)

Altars:

Annotations:
D:2 Jessica


Innate Abilities, Weirdness & Mutations

You are amphibious.
You cover ground slowly.
You can hop short distances.
You have an extended range of vision and can be seen from far away.


Message History

Okay, then.
Okay, then.
(D) Dungeon
Where to? (? - help)
There is an open door here.
There is a stone staircase leading down here.
You climb downwards.
Found 4 stones.
There is a stone staircase leading up here.
The air fills with toxic fumes!
As you read the scroll labelled KAYLO LEOQAIS, it crumbles to dust.
It was a scroll of poison.
You start waiting.
Done waiting.
l - 2 puce potions
Found a stone staircase leading down.
Found a great sword.
l - 3 puce potions (gained 1) Jessica the Apprentice Sorceress comes into view.
She is wielding a +0 dagger.
You see here 16 gold pieces.
Jessica shouts!
Jessica closely misses you.
You hit Jessica.
Jessica is heavily wounded.
Jessica closely misses you.
You hit Jessica but do no damage.
Jessica is heavily wounded.
Jessica misses you.
You closely miss Jessica.
Jessica is heavily wounded.
Jessica hits you with a +0 dagger.
You barely miss Jessica.
Jessica is heavily wounded.
Jessica hits you with a +0 dagger.
You hit Jessica but do no damage.
Jessica is heavily wounded.
Jessica casts a spell at you. Pain shoots through your body!
Ouch! That really hurt!
You die...

#.#...............######
#....#####.###.####
##.#.# #.# #.# #.#.# #.#
#.# #.#.#####.###.#
#...)......##.#
###.#####..##>#
#.#####..##.#
#.$.@@......#
#######...... ##.#### .#
.#


You could see Jessica.

Vanquished Creatures
  An endoplasm (D:1)
  A goblin (D:1)
  A kobold (D:1)
  A quokka (D:1)
  A frilled lizard (D:1)
5 creatures vanquished.

Vanquished Creatures (collateral kills)
  A dart slug (D:1)
  An endoplasm (D:1)
  A giant cockroach (D:1)
  3 jackals (D:1)
  A bat (D:1)
  2 rats (D:1)
9 creatures vanquished.

Grand Total: 14 creatures vanquished

Notes
Turn   | Place    | Note
-------+----------+-------------------------------------------
     0 | D:1      | porpoise the Barachi Summoner began the quest for the Orb.
     0 | D:1      | Reached XP level 1. HP: 13/13 MP: 3/3
   354 | D:1      | Reached XP level 2. HP: 17/19 MP: 3/5
   357 | D:1      | Learned a level 2 spell: Call Imp
   383 | D:1      | Reached skill level 5 in Summonings
  1292 | D:2      | Noticed Jessica
  1300 | D:2      | Killed from afar by Jessica

Illustrated notes

Levels and vault maps discovered:
D:1:      wheals_arrival_linesprint, layout_basic
D:2:      layout_loops_ring, serial_shops, shop, chequers_serial_rivers_micro_a,
          uniq_jessica, uniq_crazy_yiuf_cottage

Skill      XL: |  1  2 |
---------------+-------+-----
Stealth        | 2 |  2.0
Summonings     | 5 |  5.1
Dodging        | |  2.4
Spellcasting   | |  2.5

Action                   || total
-------------------------++-------
Melee: Dagger            ||    39
       Unarmed           ||     2
       Punch             ||     1
 Cast: Summon Small Mamm ||    16
       Call Imp          ||     1
  Use: Scroll            ||     1
Armor: Robe              ||     3
Dodge: Dodged            ||    25

Table legend: (Time is in decaauts)
 A = Elapsed time spent in this place.
 B = Non-inter-level travel time spent in this place.
 C = Inter-level travel time spent in this place.
 D = Time resting spent in this place.
 E = Time spent auto-exploring this place.
 F = Levels seen in this place.
 G = Mean time per level.
                   A        B        C        D        E       F      G
               +--------+--------+--------+--------+--------+-----+--------+
         Total |   1420 |   1352 |     68 |    522 |    631 |   2 |  710.0 |
       Dungeon |   1420 |   1352 |     68 |    522 |    631 |   2 |  710.0 |
               +--------+--------+--------+--------+--------+-----+--------+

Top non-repeatable levels by time:
     D:1: 1265 daAuts
     D:2: 154 daAuts
